Map: Cyber Forest LE

Players

Warhawk

  • Race: Terran Terran
  • League: Diamond
  • Spawn Location: 11:00

Havoc - Winner!

  • Race: Zerg Zerg
  • League: Master
  • Spawn Location: 5:00

VOD

Have the link to the VOD?

Description

Time

  • Played on: March 23, 2019, 5:53 p.m.
  • Length: 20:30
Show
View Real Time Build Order
Export as new Build Order

Warhawk Terran 

Build Orders: Gas First Reaper Expand 

Get SALT Encoding   

  12  0:01  SCV  
  13  0:13  SCV  
  14  0:17  Supply Depot  
  14  0:25  SCV  
  15  0:30  Refinery  
  15  0:41  Barracks  
  15  0:45  SCV  
  16  0:57  SCV  
  17  1:09  SCV  
  18  1:29  Orbital Command, Reaper  
  19  1:43  Command Center  
  19  1:55  Factory  
  19  1:59  SCV  
  20  2:07  Barracks Reactor  
  20  2:11  SCV  
  21  2:21  Supply Depot  
  21  2:22  Refinery  
  21  2:28  SCV  
  22  2:40  SCV  
  23  2:54  SCV  
  23  2:56  Orbital Command  
  23  2:58  Hellion x2  
  28  2:59  Starport  
  28  3:02  Barracks Tech Lab  
  28  3:07  SCV  
  28  3:21  SCV  
  28  3:23  Hellion x2  
  33  3:28  SCV  
  34  3:34  Viking  
  34  3:36  Stimpack  
  34  3:37  Marine  
  34  3:39  SCV  
  38  3:47  SCV  
  39  3:55  SCV  
  40  3:56  Factory Tech Lab  
  40  4:00  SCV, Supply Depot  
  41  4:05  Barracks  
  41  4:09  Starport Reactor  
  41  4:12  SCV  
  41  4:13  Barracks  
  41  4:17  SCV, Engineering Bay  
  42  4:18  Marine  
  42  4:24  SCV  
  45  4:26  Supply Depot  
  45  4:29  SCV  
  46  4:32  Siege Tank  
  46  4:36  SCV  
  50  4:41  SCV  
  50  4:42  Terran Infantry Weapons Level 1  
  50  4:43  Marine  
  52  4:48  SCV  
  53  4:53  SCV  
  53  4:56  Marine x2  
  56  5:00  SCV  
  56  5:02  Starport Reactor, Marine  
  56  5:05  SCV  
  59  5:08  Supply Depot  
  59  5:10  Supply Depot  
  59  5:12  SCV  
  59  5:13  Marine x3  
  59  5:14  Siege Tank, Marine  
  63  5:17  SCV  
  63  5:19  Marine  
  69  5:24  SCV  
  68  5:29  SCV  
  68  5:31  Marine x3  
  68  5:34  Marine  
  71  5:36  SCV  
  71  5:37  Marine  
  71  5:42  SCV, Refinery  
  74  5:43  Combat Shield  
  74  5:44  Refinery  
  74  5:48  SCV  
  74  5:49  Medivac, Marine x3  
  80  5:52  Marine  
  80  5:54  Medivac  
  80  5:55  Marine  
  80  5:57  SCV  
  85  6:00  Supply Depot  
  85  6:01  SCV  
  85  6:03  Supply Depot  
  86  6:11  Marine x4  
  86  6:12  SCV  
  86  6:13  Marine  
  92  6:22  Siege Tank  
  95  6:29  Marine x4  
  95  6:40  Command Center  
  95  6:42  Marine  
  96  6:47  Medivac, Marine x4  
  102  6:56  Siege Tank  
  102  7:00  Marine  
  106  7:05  Marine x4  
  96  7:11  Medivac  
  96  7:14  SCV  
  99  7:16  Terran Infantry Armor Level 1  
  99  7:17  Barracks x2  
  99  7:18  Marine  
  97  7:23  Marine x3  
  97  7:28  Siege Tank  
  103  7:37  Marine x2  
  103  7:39  Concussive Shells  
  103  7:40  Marine x2  
  104  7:50  Marine  
  105  7:53  SCV  
  105  7:55  SCV, Orbital Command, Marauder, Marine  
  110  7:58  Marine x2  
  110  8:03  Engineering Bay  
  110  8:04  Armory  
  110  8:05  SCV  
  113  8:07  SCV  
  113  8:08  Marine  
  104  8:16  Marine x2  
  104  8:17  SCV  
  104  8:19  SCV  
  100  8:28  SCV  
  100  8:29  SCV  
  100  8:31  SCV  
  102  8:37  Marine x2  
  102  8:38  Barracks Reactor, Marine x2  
  102  8:39  Barracks Reactor  
  102  8:40  SCV, Marine  
  98  8:41  SCV  
  98  8:43  SCV  
  98  8:44  Siege Tank  
  98  8:45  Barracks  
  103  8:48  Barracks  
  103  8:52  SCV  
  103  8:53  SCV  
  103  8:55  Marine x4  
  105  8:56  SCV  
  105  8:58  Marine  
  111  9:04  SCV  
  111  9:05  SCV  
  111  9:06  Factory  
  111  9:08  SCV  
  114  9:11  Refinery  
  114  9:13  Marine x4  
  114  9:14  Terran Infantry Weapons Level 2  
  114  9:15  Terran Infantry Armor Level 2  
  114  9:16  SCV, Marauder  
  121  9:31  Marine x3  
  122  9:34  Marine x3  
  122  9:36  Barracks Tech Lab  
  125  9:39  Marine  
  125  9:44  Barracks  
  125  9:53  Barracks Tech Lab  
  125  9:55  Supply Depot  
  125  9:56  Supply Depot  
  125  10:00  Marine x3  
  125  10:01  Siege Tank, Marauder  
  125  10:02  Factory Tech Lab  
  133  10:08  Refinery  
  133  10:14  Command Center  
  133  10:16  Marine x7  
  133  10:18  Marine x2  
  139  10:22  Marauder  
  137  10:34  Marine  
  137  10:35  Marine x5  
  126  10:36  Marauder x2  
  126  10:37  Marine x2  
  126  10:38  SCV  
  126  10:39  SCV  
  137  10:44  Marauder  
  139  10:51  Command Center  
  139  10:52  Marine  
  139  10:53  Siege Tank, Marine x3  
  139  10:55  Medivac  
  148  11:00  Supply Depot  
  148  11:12  Supply Depot  
  148  11:13  Sensor Tower, Supply Depot  
  148  11:14  Barracks Reactor  
  148  11:16  Marauder x3  
  154  11:18  Marine  
  154  11:19  Marine  
  154  11:22  Supply Depot  
  156  11:32  Siege Tank x2  
  160  11:37  Marauder  
  160  11:38  Ghost Academy  
  153  11:41  Marine x2  
  142  11:59  Marine x3  
  142  12:00  Marauder x3, Marine x3  
  140  12:04  Medivac, Siege Tank, Marine  
  140  12:06  SCV  
  147  12:09  Planetary Fortress  
  147  12:14  SCV x2  
  147  12:15  Marine x2  
  151  12:21  Marauder  
  153  12:26  Marauder, Marine x2  
  148  12:33  SCV x2  
  150  12:39  SCV  
  150  12:43  Marauder, Marine x3  
  150  12:44  Siege Tank, Marauder  
  161  12:45  SCV, Marine  
  161  12:46  Marine  
  161  12:47  Medivac  
  161  12:48  Siege Tank, Marauder  
  135  13:16  Marine  
  135  13:17  Marine x7  
  137  13:23  Marine x2  
  137  13:24  Marauder  
  123  13:35  Ghost x2  
  123  13:36  Marine x2  
  129  13:45  Marauder, Marine x2  
  133  13:54  Barracks  
  133  13:55  Barracks  
  133  13:57  SCV x3  
  133  13:58  SCV  
  133  14:00  Command Center  
  137  14:06  Ghost x3  
  137  14:07  Marine  
  137  14:08  Marine x3  
  137  14:09  SCV x2, Siege Tank  
  151  14:26  Siege Tank  
  154  14:35  Ghost  
  154  14:37  Terran Infantry Weapons Level 3, Terran Infantry Armor Level 3  
  156  14:41  Siege Tank  
  141  14:51  SCV x2  
  140  14:57  SCV  
  140  14:59  Ghost  
  141  15:00  Personal Cloaking  
  141  15:02  Barracks Tech Lab x2  
  141  15:03  SCV x2  
  141  15:06  Ghost  
  145  15:07  Ghost Academy x2  
  145  15:08  Command Center  
  145  15:09  SCV, Siege Tank  
  145  15:14  Viking  
  153  15:15  SCV x2  
  153  15:18  Planetary Fortress  
  153  15:21  SCV  
  156  15:27  SCV x2  
  158  15:33  Marine x3  
  158  15:34  Marauder x2, Marine x4  
  169  15:41  SCV x2  
  171  15:43  Refinery  
  171  15:44  Refinery  
  109  16:07  Marine x4  
  109  16:08  Marauder x3, Marine x2  
  109  16:09  Ghost, Siege Tank x2  
  125  16:13  SCV x2  
  125  16:17  Ghost, SCV x2  
  131  16:18  Marine  
  122  16:42  Marine x2  
  117  16:47  Ghost x2, Marine x4  
  125  16:59  Ghost x2  
  125  17:00  Marine x2  
  116  17:04  SCV x2  
  118  17:09  Nuke  
  118  17:11  Nuke  
  118  17:13  Nuke  
  118  17:16  SCV  
  119  17:23  Planetary Fortress  
  119  17:25  SCV x3  
  119  17:28  SCV  
  123  17:32  Marine x2  
  123  17:33  Ghost, Marine x2  
  129  17:48  Siege Tank x2  
  135  17:52  Marine x3  
  138  17:59  Starport  
  138  18:01  Liberator  
  125  18:16  Marauder x3, Marine x6  
  125  18:17  Marauder x2  
  144  18:20  Siege Tank  
  144  18:21  Marine x2  
  144  18:26  Marine x2  
  146  18:33  Marine x2  
  148  18:38  Marauder x3, Marine  
  148  18:39  Marine x3  
  158  18:46  Ghost  
  158  18:47  Marine x2  
  158  18:48  Marine  
  161  18:50  Starport Reactor  
  161  18:52  Siege Tank  
  164  18:58  SCV x2  
  164  18:59  Sensor Tower  
  159  19:25  Siege Tank  
  98  19:53  Marine x2  
  98  19:54  Marine x2  
  98  19:56  Marine x4  
  98  19:57  Marauder x4, Marine x3  
  88  20:07  SCV  
  88  20:11  Marine x2  
Show
View Real Time Build Order
Export as new Build Order

Havoc Zerg - Winner!

Build Orders: Hatch First 

Get SALT Encoding   

  12  0:01  Drone  
  13  0:12  Overlord  
  13  0:17  Drone  
  14  0:30  Drone  
  14  0:31  Drone  
  14  0:34  Drone  
  17  0:53  Hatchery  
  17  0:55  Drone  
  17  0:58  Drone  
  18  1:09  Extractor  
  17  1:15  Spawning Pool  
  16  1:18  Drone  
  16  1:22  Drone  
  18  1:28  Drone  
  19  1:38  Overlord  
  19  1:51  Drone  
  20  2:05  Queen x2  
  20  2:06  Zergling x2  
  20  2:07  Zergling x2  
  26  2:12  Metabolic Boost  
  26  2:14  Drone  
  27  2:24  Extractor  
  26  2:33  Drone  
  27  2:40  Extractor  
  28  2:48  Hatchery  
  27  2:52  Queen  
  30  2:58  Drone x3  
  30  2:59  Drone  
  30  3:01  Overlord  
  33  3:06  Overlord  
  33  3:24  Drone x2  
  33  3:26  Drone x5  
  40  3:31  Queen  
  42  3:35  Overlord  
  42  3:44  Drone x2  
  42  3:48  Drone  
  44  4:00  Zergling x4  
  44  4:01  Zergling x4  
  44  4:02  Zergling x6  
  50  4:03  Zergling x2  
  51  4:10  Queen  
  53  4:19  Queen  
  55  4:26  Drone x3  
  55  4:28  Overlord x2  
  55  4:29  Overlord x2  
  58  4:37  Extractor  
  58  4:38  Evolution Chamber x2  
  56  4:39  Drone x2  
  56  4:40  Drone  
  58  4:52  Drone x2  
  60  4:53  Drone  
  60  4:54  Overlord x2  
  60  4:59  Drone x3  
  64  5:00  Drone  
  65  5:07  Zerg Ground Armor Level 1  
  65  5:08  Zerg Melee Weapons Level 1  
  65  5:13  Spore Crawler  
  64  5:14  Drone  
  64  5:18  Lair  
  65  5:23  Baneling Nest, Drone  
  65  5:24  Drone  
  65  5:26  Spore Crawler  
  60  5:42  Drone x10  
  70  5:47  Spore Crawler  
  69  5:53  Drone x4  
  69  5:54  Overlord  
  73  6:13  Drone  
  73  6:16  Hatchery x2  
  73  6:18  Drone x4  
  75  6:21  Centrifical Hooks  
  76  6:31  Zergling x12  
  76  6:32  Zergling x4  
  82  6:47  Baneling x2  
  82  6:48  Baneling x4  
  82  6:49  Zergling x2  
  82  6:50  Zergling x14  
  74  7:09  Zergling x20  
  77  7:20  Zergling x6  
  70  7:33  Hatchery  
  69  7:45  Zergling x2  
  69  7:46  Zergling x10  
  75  7:51  Baneling x2  
  75  7:52  Baneling x2  
  75  7:53  Zerg Ground Armor Level 2  
  75  8:09  Hatchery  
  71  8:13  Drone  
  71  8:14  Drone x8  
  71  8:17  Queen  
  71  8:18  Extractor  
  71  8:19  Zerg Melee Weapons Level 2  
  81  8:21  Drone  
  77  8:34  Zergling x10  
  77  8:35  Zergling x4  
  75  8:49  Extractor  
  75  8:50  Extractor  
  75  8:51  Zergling x2  
  75  8:52  Zergling x14  
  81  8:56  Hydralisk Den  
  81  8:58  Zergling x8  
  81  9:01  Overlord  
  81  9:02  Overlord x2  
  84  9:09  Baneling  
  84  9:10  Baneling x11  
  84  9:17  Drone  
  84  9:18  Drone x5  
  89  9:36  Zergling x14  
  89  9:37  Zergling x16  
  103  9:47  Hydralisk  
  103  9:48  Hydralisk x3  
  107  9:57  Muscular Augments  
  107  10:00  Drone  
  107  10:01  Drone x5, Infestation Pit  
  107  10:03  Extractor x2  
  107  10:07  Baneling x10  
  87  10:35  Zergling x2  
  87  10:36  Zergling x44  
  87  10:40  Hive  
  87  10:42  Queen  
  111  10:49  Drone x2  
  113  10:50  Overlord x4  
  113  10:51  Overlord x2  
  113  10:58  Queen  
  113  11:02  Hydralisk x3  
  113  11:03  Hydralisk x4  
  129  11:07  Baneling x13  
  129  11:08  Grooved Spines  
  129  11:10  Pathogen Glands  
  129  11:19  Infestor  
  131  11:34  Infestor x2  
  133  11:45  Zergling x38  
  135  12:01  Zergling x2  
  135  12:02  Zergling x16  
  135  12:05  Zerg Ground Armor Level 3  
  135  12:06  Zerg Melee Weapons Level 3  
  144  12:09  Adrenal Glands  
  144  12:16  Baneling  
  144  12:17  Baneling x4  
  128  12:34  Infestor x2  
  128  12:36  Zergling x18  
  128  12:37  Zergling x16  
  146  12:42  Baneling x7  
  145  13:00  Hatchery  
  112  13:14  Zergling x26  
  112  13:15  Zergling x4  
  123  13:20  Spire  
  123  13:23  Baneling  
  123  13:24  Baneling x13  
  114  13:48  Zergling x2  
  114  13:49  Zergling x36  
  127  14:22  Overlord x4  
  127  14:23  Hydralisk x11  
  128  14:48  Zergling x34  
  137  14:54  Infestor x3  
  137  14:58  Greater Spire  
  143  15:00  Zerg Missile Weapons Level 1  
  143  15:05  Queen  
  145  15:08  Infestor x5  
  145  15:10  Baneling x6  
  145  15:11  Baneling x5  
  155  15:14  Overseer  
  155  15:15  Overseer  
  155  15:18  Overseer  
  155  15:26  Drone  
  155  15:27  Drone x9  
  165  15:31  Baneling  
  165  15:32  Baneling x9  
  165  15:39  Overseer x2  
  165  15:41  Pneumatized Carapace  
  165  15:50  Zergling x2  
  127  16:09  Zergling x30  
  127  16:10  Zergling x32  
  158  16:13  Corruptor x2, Zerg Flyer Weapons Level 1  
  158  16:14  Corruptor  
  143  16:34  Zergling x10  
  143  16:35  Zergling x20  
  143  16:37  Extractor  
  147  16:40  Extractor  
  147  16:45  Zergling x2  
  147  16:46  Zergling x14  
  151  16:58  Hydralisk x2  
  151  16:59  Hydralisk x4  
  149  17:11  Corruptor  
  149  17:12  Corruptor x4  
  159  17:17  Baneling x12  
  159  17:19  Brood Lord  
  159  17:22  Hatchery  
  160  17:23  Brood Lord  
  160  17:29  Brood Lord  
  156  17:41  Baneling  
  156  17:42  Baneling x10  
  156  17:45  Corruptor  
  158  17:54  Extractor  
  144  18:05  Infestor  
  144  18:06  Infestor  
  144  18:09  Zergling x2  
  144  18:10  Zergling x30  
  164  18:16  Extractor  
  164  18:17  Extractor  
  153  18:30  Corruptor x5  
  162  18:51  Brood Lord x3  
  162  18:53  Zergling x2  
  162  18:54  Zergling x22  
  180  19:06  Baneling  
  180  19:07  Baneling x7  
  174  19:20  Brood Lord x3  
  174  19:21  Zergling x2  
  174  19:22  Zergling x10  
  158  19:52  Corruptor x4  
  146  19:53  Zergling x2  
  146  19:54  Zergling x22  
  166  20:02  Brood Lord  
Tags
 
Add a new tag
Caveats
  • Supply blocks, unpowered buildings, or Contaminate may cause inaccurate times.
  • Supply counts are checked every 10 seconds.